 Dungeon Crawl Stone Soup version 0.22.1-2-g9c5b331383 (webtiles) character file.

30 Knicklaso the Cutter (level 3, -3/24 HPs)
             Began as a Halfling Warper on Dec 4, 2018.
             Slain by a worm (8 damage)
             ... on level 2 of the Dungeon.
             The game lasted 00:02:13 (976 turns).

Knicklaso the Cutter (Halfling Warper)               Turns: 976, Time: 00:02:14

Health: -3/24      AC:  2    Str: 12    XL:     3   Next: 35%
Magic:  5/5        EV: 15    Int: 11    God:
Gold:   70         SH:  0    Dex: 14    Spells: 5/5 levels left

rFire    . . .     SeeInvis .   a - +0 short sword
rCold    . . .     Gourm    .   (shield restricted)
rNeg     . . .     Faith    .   c - +0 robe (curse)
rPois    .         Spirit   .   (no helmet)
rElec    .         Reflect  .   (no cloak)
rCorr    .         Harm     .   (no gloves)
MR       .....                  (no boots)
Stlth    ++........             (no amulet)
HPRegen  0.08/turn              (no ring)
MPRegen  0.09/turn              (no ring)

@: no status effects
A: small, mutation resistance 1
a: no special abilities


You were on level 2 of the Dungeon.
You were not hungry.

You visited 1 branch of the dungeon, and saw 2 of its levels.

You collected 70 gold pieces.

Inventory:

Hand Weapons
 a - a +0 short sword (weapon)
Missiles
 e - 5 tomahawks of dispersal (quivered)
 h - 93 stones
Armour
 c - a cursed +0 robe (worn)
 k - a +2 robe of cold resistance
Scrolls
 d - a scroll of blinking
 g - a scroll of teleportation {unknown}
 i - a scroll of magic mapping {unknown}
 m - a scroll of enchant armour {unknown}
Potions
 b - a potion of resistance {unknown}
 j - 2 potions of might {unknown}
 l - a potion of curing {unknown}
 n - a potion of invisibility {unknown}
Comestibles
 f - 2 rations


   Skills:
 - Level 1.7 Fighting
 + Level 3.5 Short Blades
 - Level 1.0 Throwing
 - Level 1.1 Armour
 - Level 2.1 Dodging
 + Level 2.2 Stealth
 - Level 1.5 Spellcasting
   Level 3.2 Translocations


You had 5 spell levels left.
You didn't know any spells.
Your spell library contained the following spells:

 Spells                   Type           Power        Failure   Level  Hunger
 Blink                    Tloc           N/A          12%         2    ###....
 Shroud of Golubria       Chrm/Tloc      #.........   24%         2    ###....
 Gell's Gravitas          Tloc           #.........   24%         3    ####...
 Lesser Beckoning         Tloc           #.........   24%         3    ####...
 Teleport Other           Tloc           #.......     24%         3    ####...
 Passage of Golubria      Tloc           N/A          61%         4    #####..


Dungeon Overview and Level Annotations

Branches:
Dungeon (2/15)

Altars:
Zin


Innate Abilities, Weirdness & Mutations

You are small and have problems with some larger weapons.
You are somewhat resistant to further mutation.


Message History

A rat comes into view.
You hit the rat.
You kill the rat!
You start resting.
The worm is too close now for your liking.
A kobold comes into view. It is wielding a dagger.
The helpless kobold fails to defend itself.
You puncture the kobold!
You kill the kobold!
Found a ration.
h - 93 stones (gained 1)
You see here a dagger.
f - 2 rations (gained 1)
An adder comes into view.
The adder hisses angrily.
Found a ration.
The worm bites you.
* * * LOW HITPOINT WARNING * * *
The worm bites you!
You die...

....###.###... ...##
#.# ### ..## #.#
#.###### .## #.#
#.##...## .######.#
#.......## #
........#
#........##.####
#######.#
#).##..#........ #.#
##..##...S##.....
#.# #.#...@...# ####
#w####..##w#.....%..
#..........##.######
#######.......#
#########


You could see a worm and an adder.

Vanquished Creatures
  An ooze (D:1)
  2 giant cockroaches (D:1)
  2 goblins (D:1)
  2 hobgoblins (D:1)
  8 kobolds
  4 bats (D:1)
  A frilled lizard (D:1)
  5 rats
25 creatures vanquished.

Notes
Turn   | Place    | Note
-------+----------+-------------------------------------------
     0 | D:1      | Knicklaso the Halfling Warper began the quest for the Orb.
     0 | D:1      | Reached XP level 1. HP: 14/14 MP: 3/3
   193 | D:1      | Reached skill level 1 in Stealth
   196 | D:1      | Reached XP level 2. HP: 16/19 MP: 4/4
   477 | D:1      | Reached XP level 3. HP: 19/24 MP: 5/5
   875 | D:2      | Found a glowing silver altar of Zin.
   976 | D:2      | Slain by a worm

Skill      XL: |  1  2  3 |
---------------+----------+-----
Stealth        | 1 2 |  2.2
Short Blades   | 3 |  3.5
Fighting       | |  1.7
Throwing       | |  1.0
Armour         | |  1.1
Dodging        | |  2.1
Spellcasting   | |  1.5
Translocations | |  3.2

Action                   || total
-------------------------++-------
Melee: Short sword       ||    74
 Stab: Sleeping          ||     3
Armor: Ring mail         ||     4
       Leather armour    ||     1
       Robe              ||    12
Dodge: Dodged            ||    51
